 Dungeon Sprint DCSS version 0.27-a0-67-g4bfc8a49e1 (webtiles) character file.

Game seed: 14391835577896151640

105353 mhtbhm the Archmage (level 15, -23/66 HPs)
             Began as a Deep Elf Earth Elementalist on Jan 10, 2021.
             Was the Champion of Vehumet.
             Killed from afar by Azrael (49 damage)
             ... with damnation
             ... in the Dungeon (Sprint III: "The Ten Rune Challenge").
             The game lasted 00:26:47 (4758 turns).

mhtbhm the Archmage (Deep Elf Earth Elementalist)   Turns: 4758, Time: 00:26:47

Health: -23/66     AC:  7    Str:  9    XL:     15   Next: 57%
Magic:  17/39      EV: 22    Int: 38    God:    Vehumet [******]
Gold:   815        SH:  0    Dex: 22    Spells: 12/68 levels left

rFire    + . .     SeeInvis +   a - staff of earth
rCold    . . .     Faith    .   (no shield)
rNeg     . . .     Spirit   .   c - +2 robe {rF+}
rPois    .         Reflect  .   B - +2 helmet {SInv}
rElec    .         Harm     .   (no cloak)
rCorr    .         Rampage  .   (no gloves)
Will     +....     NoTele   +   (no boots)
Stlth    ++++++....             x - amulet "Axtoanek" {RegenMP *Contam Int+5 Dex+4 Stlth+}
HPRegen  0.21/turn              y - +6 ring of intelligence
MPRegen  0.51/turn              v - ring of Pino {Wiz MP-9 Str+4 Dex+3 Stlth+}

@: no status effects
A: blink, deterioration 1, frail 1
}: 1/10 runes: serpentine
a: Blink, Renounce Religion


You were in the Dungeon.
You worshipped Vehumet.
Vehumet was exalted by your worship.
You visited 1 branch You collected 1832 gold pieces.
You spent 1017 gold pieces at shops.

Inventory:

Hand Weapons
 i - the cursed +0 eveningstar of Mepolad {antimagic, MP+9, unknown}
   (You found it in the Dungeon)

   It reduces the magical energy of the wielder, and disrupts the spells and
   magical abilities of those hit.
   Natural abilities and divine invocations are not affected.
   It affects your magic capacity (+9).
   It has a curse placed upon it.
 r - a +3 scimitar of flaming
Missiles
 b - 6 stones
 z - 7 curare-tipped darts
Armour
 c - a +2 robe of fire resistance (worn)
 B - a +2 helmet of see invisible (worn)
Magical Staves
 a - an uncursed staff of earth (weapon)
 e - an uncursed staff of air {unknown}
Jewellery
 u - an uncursed amulet of reflection
 v - the ring of Pino (right hand) {Wiz MP-9 Str+4 Dex+3 Stlth+}
   (You took it off a deep elf death mage in the Dungeon)

   [ring of wizardry]

   It improves your spell success rate.
   It affects your strength (+4).
   It affects your dexterity (+3).
   It affects your magic capacity (-9).
   It makes you more stealthy.
 x - the amulet "Axtoanek" (around neck) {RegenMP *Contam Int+5 Dex+4 Stlth+}
   (You found it in the Dungeon)

   [amulet of magic regeneration]

   It increases your magic regeneration.
   It affects your intelligence (+5).
   It affects your dexterity (+4).
   It causes magical contamination when unequipped.
   It makes you more stealthy.
 y - a +6 ring of intelligence (left hand)
Wands
 l - a wand of enslavement (12)
 w - a wand of iceblast (7)
Scrolls
 k - a scroll of holy word
 m - 2 scrolls of remove curse
 n - 2 scrolls of immolation
 o - 2 scrolls of identify
 s - 3 scrolls of amnesia
 t - 2 scrolls of silence
 C - a scroll of magic mapping
Potions
 d - 2 potions of curing
 g - a potion of magic
 h - 3 potions of berserk rage
 j - 2 potions of flight
 p - a potion of might
Miscellaneous
 q - a condenser vane
 D - a phantom mirror


   Skills:
 - Level 1.3 Fighting
 + Level 10.8 Dodging
 - Level 5.7 Stealth
 O Level 27 Spellcasting
 + Level 10.2 Conjurations
 + Level 12.8 Transmutations
 + Level 6.7 Fire Magic
 O Level 27 Earth Magic
 + Level 8.9 Poison Magic
 + Level 8.5 Evocations


You had 12 spell levels left.
You knew the following spells:

 Your Spells              Type           Power        Failure   Level
a - Sandblast             Erth           100%         0%          1
b - Passwall              Tmut/Erth      100%         0%          2
c - Stone Arrow           Conj/Erth      100%         0%          3
d - Lee's Rapid Deconstr  Erth           78%          0%          5
e - Petrify               Tmut/Erth      100%         0%          4
f - Ignite Poison         Fire/Tmut/Pois 89%          0%          3
g - Iron Shot             Conj/Erth      69%          1%          6
h - Eringya's Noxious Bo  Tmut/Pois      47%          1%          6
i - Lehudib's Crystal Sp  Conj/Erth      69%          1%          8
j - Shatter               Erth           78%          1%          9
k - Fire Storm            Conj/Fire      43%          67%         9

Your spell library contained the following spells:

 Spells                   Type           Power        Failure   Level
 Statue Form              Tmut/Erth      94%          0%          6
 Freeze                   Ice            100%         1%          1
 Confusing Touch          Hex            50%          1%          3
 Frozen Ramparts          Ice            100%         1%          3
 Gell's Gravitas          Tloc           25%          1%          3
 Ozocubu's Armour         Ice            50%          1%          3
 Hailstorm                Conj/Ice       74%          1%          4
 Summon Ice Beast         Ice/Summ       50%          1%          4
 Irradiate                Conj/Tmut      47%          1%          5
 Yara's Violent Unravell  Hex/Tmut       39%          1%          5
 Hydra Form               Tmut           49%          1%          6
 Dragon Form              Tmut           49%          1%          7
 Metabolic Englaciation   Hex/Ice        25%          4%          5
 Necromutation            Tmut/Necr      39%          52%         8
 Haunt                    Necr/Summ      25%          71%         7
 Borgnjor's Revivificati  Necr           25%          100%        8
 Infestation              Necr           25%          100%        8
 Death's Door             Necr           25%          100%        9


Dungeon Overview and Level Annotations

Branches:
Dungeon (1/1)

Altars:
Cheibriados
Dithmenos
Elyvilon
Fedhas
Gozag
Hepliaklqana
Kikubaaqudgha
Makhleb
Nemelex Xobeh
Okawaru
Qazlal
Ru
Sif Muna
Trog
Uskayaw
Vehumet
Wu Jian
Xom
Yredelemnul
Zin
The Shining One
Beogh
Jiyva
Lugonu

Shops:
D (!=((=::}!?=*([

Annotations:
D Azrael


Innate Abilities, Weirdness & Mutations

You can translocate small distances at will.
Your body sometimes deteriorates upon taking damage.
You are frail. (-10% HP)


Message History

The shadow dragon breathes negative energy at you.
The bolt of negative energy hits you!!
You feel drained.
Unknown command.
Casting: Lehudib's Crystal Spear (dangerous; 1% risk of failure)
Confirm with . or Enter, or press ? or * to list all spells.
Aiming: Lehudib's Crystal Spear (dangerous; 1% risk of failure)
Press: ? - help, Shift-Dir - straight line, f/p - shadow dragon
Aim: a shadow dragon (lava, almost dead, catching its breath, 15% to evade)
You feel a surge of power!
The crystal spear hits the shadow dragon!!!
You kill the shadow dragon!
Vehumet accepts your kill.
You feel your power returning.
Your life force feels restored.
Your Conjurations skill increases to level 10!
Unknown command.
Azrael gestures at you.
The sphere of damnation explodes!
The damnation engulfs you!!!
Ouch! That really hurt!
You die...

.#§§≈#§#.#...##.#.#.##†..≈≈#
.#§§§#.#.#)..#.#.#.#.#...≈≈≈≈#
.#§§§#...#...##.#.#.##...≈≈≈≈#
▓▓▓▓▓▓▓▓▓▓▓▓▓#.#.#.#.#.......#
.......≈≈≈...##.#.#.##.......#
≈≈≈≈≈≈≈≈≈♣♣P.'.#.#.#.#.......#
♣♣♣♣♣♣♣♣♣♣♣PP##)#.#.##########
# ♣♣♣##'######## . #.)@'.≈≈≈≈#
. #...#.≈≈≈≈# # #...#.#≈≈≈#
≈## #####.#c≈≈R# §§§ # #
#[....# #≈§§§≈§≈§.## #.[..P#
c≈≈≈≈§≈≈.(. #..)..# #≈≈R≈≈≈#..
#..[..# c≈≈≈≈ ... #)#####
#≈≈###..


You could see Azrael.

Vanquished Creatures
  Frederick (D)
  Sigmund (D)
  A lich (D)
  A deep elf blademaster (D)
  Rupert (D)
  Chuck (D)
  5 shadow dragons (D)
  A nagaraja (D)
  A deep elf demonologist (D)
  2 deep elf annihilators (D)
  2 deep elf death magi (D)
  A fire dragon (D)
  3 yaktaur captains (D)
  A naga warrior (D)
  2 vault guards (D)
  A boulder beetle (shapeshifter) (D)
  3 centaur warriors (D)
  Erica (D)
  4 dancing weapons (D)
  2 anacondas (D)
  An ogre mage (D)
  4 death yaks (D)
  A deep elf knight (D)
  An orange crystal statue (D)
  A skeletal warrior (D)
  An unseen horror (D)
  6 deep elf magi (D)
  A mana viper (shapeshifter) (D)
  4 crystal guardians (D)
  An orc sorcerer (D)
  5 ugly things (D)
  A moth of wrath (shapeshifter) (D)
  A guardian serpent (D)
  Edmund (D)
  6 black mambas (D)
  2 cane toads (D)
  A rime drake (D)
  A komodo dragon (D)
  3 wandering mushrooms (D)
  A queen bee (shapeshifter) (D)
  4 spriggan defenders (D)
  A queen bee (D)
  An orc high priest (D)
  4 slime creatures (D)
  8 blink frogs (D)
  A shadow (D)
  2 nagas (D)
  A spatial vortex (D)
  2 water moccasins (D)
  An orc warrior (D)
  A swamp drake (D)
  A necrophage (D)
  2 centaurs (D)
  An earth elemental (D)
  A water elemental (D)
  32 killer bees (D)
  A jelly (D)
  A wizard (D)
  6 orc priests (D)
  3 orc wizards (D)
  A necromancer (D)
  3 humans (D)
  A kobold demonologist (D)
  A wolf (D)
  7 adders (D)
  2 oozes (D)
  10 orcs (D)
  2 rats (D)
  8 bushes (D)
  4 butterflies (D)
191 creatures vanquished.

Vanquished Creatures (others)
  21 plants (D)
21 creatures vanquished.

Grand Total: 212 creatures vanquished

Notes
Turn   | Place    | Note
-------+----------+-------------------------------------------
     0 | D        | mhtbhm the Deep Elf Earth Elementalist began the quest for
                  | the Orb.
     0 | D        | Reached XP level 1. HP: 10/10 MP: 6/6
    38 | D        | Reached XP level 2. HP: 15/15 MP: 5/8
    63 | D        | Reached skill level 5 in Earth Magic
   107 | D        | Reached XP level 3. HP: 19/19 MP: 3/11
   110 | D        | Learned a level 2 spell: Passwall
   114 | D        | Learned a level 3 spell: Stone Arrow
   177 | D        | Reached skill level 5 in Spellcasting
   193 | D        | Gained mutation: Your body sometimes deteriorates upon
                  | taking damage. [potion of mutation]
   193 | D        | Gained mutation: Your body often deteriorates upon taking
                  | damage. [potion of mutation]
   193 | D        | Gained mutation: You expend magic power (3 MP) to
                  | strengthen your wands. [potion of mutation]
   193 | D        | Gained mutation: You are strong-willed. (Will+) [potion of
                  | mutation]
   194 | D        | Lost mutation: Your body often deteriorates upon taking
                  | damage. [potion of mutation]
   194 | D        | Lost mutation: You are strong-willed. (Will+) [potion of
                  | mutation]
   194 | D        | Lost mutation: You expend magic power (3 MP) to strengthen
                  | your wands. [potion of mutation]
   194 | D        | Gained mutation: You are frail. (-10% HP) [potion of
                  | mutation]
   194 | D        | Gained mutation: You can translocate small distances at
                  | will. [potion of mutation]
   211 | D        | Noticed a water elemental
   215 | D        | Killed a water elemental
   216 | D        | Reached XP level 4. HP: 20/21 MP: 8/14
   260 | D        | Found a radiant altar of Vehumet.
   260 | D        | Found a shimmering blue altar of Sif Muna.
   260 | D        | Found an ancient bone altar of Kikubaaqudgha.
   260 | D        | Noticed a wizard
   261 | D        | Killed a wizard
   264 | D        | Reached XP level 5. HP: 25/25 MP: 13/17
   272 | D        | Became a worshipper of Vehumet
   279 | D        | Learned a level 5 spell: Lee's Rapid Deconstruction
   284 | D        | Learned a level 4 spell: Petrify
   295 | D        | Found a glowing silver altar of Zin.
   295 | D        | Found a glowing golden altar of the Shining One.
   295 | D        | Found a white marble altar of Elyvilon.
   295 | D        | Noticed a deep elf mage
   300 | D        | Killed a deep elf mage
   301 | D        | Reached skill level 5 in Dodging
   301 | D        | Reached XP level 6. HP: 28/28 MP: 0/22
   301 | D        | Reached XP level 7. HP: 32/32 MP: 0/24
   430 | D        | Found a basalt altar of Yredelemnul.
   430 | D        | Found a shadowy altar of Dithmenos.
   430 | D        | Found a sacrificial altar of Ru.
   431 | D        | Reached * piety under Vehumet
   431 | D        | Offered knowledge of Shock by Vehumet.
   462 | D        | Found a hide-covered altar of Uskayaw.
   462 | D        | Found a roughly hewn altar of Beogh.
   462 | D        | Found an iron altar of Okawaru.
   462 | D        | Found a bloodstained altar of Trog.
   462 | D        | Found an ornate altar of the Wu Jian Council.
   462 | D        | Noticed a human
   462 | D        | Noticed a human
   464 | D        | Killed a human
   464 | D        | Killed a human
   465 | D        | Reached skill level 5 in Stealth
   550 | D        | Noticed a shadow
   552 | D        | Reached ** piety under Vehumet
   553 | D        | Killed a shadow
   554 | D        | Reached XP level 8. HP: 36/36 MP: 15/28
   619 | D        | Found a blossoming altar of Fedhas.
   619 | D        | Found a stormy altar of Qazlal.
   619 | D        | Found a snail-covered altar of Cheibriados.
   619 | D        | Found a burning altar of Makhleb.
   619 | D        | Found a shimmering altar of Xom.
   620 | D        | Found a hazy altar of Hepliaklqana.
   620 | D        | Found an opulent altar of Gozag.
   620 | D        | Found a sparkling altar of Nemelex Xobeh.
   620 | D        | Found a corrupted altar of Lugonu.
   620 | D        | Found a viscous altar of Jiyva.
   623 | D        | Offered knowledge of Freeze by Vehumet.
   677 | D        | Noticed Erica
   692 | D        | Killed Erica
   693 | D        | Reached skill level 15 in Spellcasting
   693 | D        | Reached skill level 15 in Earth Magic
   801 | D        | Offered knowledge of Ignite Poison by Vehumet.
   801 | D        | Reached *** piety under Vehumet
   868 | D        | Learned a level 3 spell: Ignite Poison
   882 | D        | Reached XP level 9. HP: 40/40 MP: 26/30
   889 | D        | Offered knowledge of Airstrike by Vehumet.
   890 | D        | Noticed a centaur warrior
   893 | D        | Killed a centaur warrior
  1036 | D        | Killed an unseen horror
  1036 | D        | Reached **** piety under Vehumet
  1037 | D        | Reached skill level 1 in Fighting
  1194 | D        | Noticed a wandering mushroom
  1198 | D        | Noticed a wandering mushroom
  1201 | D        | Killed a wandering mushroom
  1201 | D        | Offered knowledge of Iskenderun's Mystic Blast by Vehumet.
  1203 | D        | Noticed a wandering mushroom
  1210 | D        | Killed a wandering mushroom
  1275 | D        | Killed a wandering mushroom
  1276 | D        | Reached skill level 1 in Conjurations
  1276 | D        | Reached XP level 10. HP: 46/46 MP: 25/34
  1310 | D        | Reached ***** piety under Vehumet
  1310 | D        | Offered knowledge of Ozocubu's Refrigeration by Vehumet.
  1317 | D        | Reached ****** piety under Vehumet
  1464 | D        | Noticed an orc sorcerer
  1471 | D        | Killed an orc sorcerer
  1474 | D        | Offered knowledge of Iskenderun's Battlesphere by Vehumet.
  1542 | D        | Found Oxzeot's Weapon Emporium.
  1603 | D        | Noticed a deep elf knight
  1603 | D        | Noticed a deep elf mage
  1603 | D        | Noticed a deep elf mage
  1603 | D        | Noticed a deep elf mage
  1603 | D        | Noticed a deep elf mage
  1610 | D        | Killed a deep elf mage
  1610 | D        | Killed a deep elf mage
  1616 | D        | Killed a deep elf mage
  1616 | D        | Killed a deep elf knight
  1616 | D        | Killed a deep elf mage
  1617 | D        | Reached XP level 11. HP: 50/50 MP: 28/38
  1654 | D        | Noticed a deep elf annihilator
  1661 | D        | Noticed a deep elf death mage
  1663 | D        | Noticed a deep elf mage
  1668 | D        | Killed a deep elf death mage
  1668 | D        | Offered knowledge of Iron Shot by Vehumet.
  1716 | D        | Identified the +1 plate armour of Disaster {rF+ rC+ Str+2}
  1716 | D        | Noticed a deep elf blademaster
  1717 | D        | Noticed a deep elf annihilator
  1719 | D        | Killed a deep elf annihilator
  1720 | D        | Killed a deep elf annihilator
  1725 | D        | Identified the ring of Pino {Wiz MP-9 Str+4 Dex+3 Stlth+}
  1725 | D        | Noticed a deep elf death mage
  1728 | D        | Killed a deep elf death mage
  1815 | D        | Noticed a deep elf demonologist
  1818 | D        | Killed a deep elf demonologist
  1819 | D        | Killed a deep elf mage
  1832 | D        | Killed a deep elf blademaster
  1833 | D        | Reached skill level 1 in Evocations
  1872 | D        | Found the +9 scales of the Dragon King {rPois rF+ rC+
                  | Will+}
  1875 | D        | Got a flickering silver amulet
  1897 | D        | Identified the amulet "Axtoanek" {RegenMP *Contam Int+5
                  | Dex+4 Stlth+} (You found it in the Dungeon)
  1905 | D        | Learned a level 6 spell: Iron Shot
  2086 | D        | Noticed Sigmund
  2086 | D        | Noticed Edmund
  2091 | D        | Killed Sigmund
  2091 | D        | Offered knowledge of Conjure Ball Lightning by Vehumet.
  2092 | D        | Reached XP level 12. HP: 46/54 MP: 17/42
  2094 | D        | Killed Edmund
  2282 | D        | Offered knowledge of Orb of Destruction by Vehumet.
  2317 | D        | Noticed Rupert
  2322 | D        | Killed Rupert
  2463 | D        | Noticed a death yak
  2464 | D        | Noticed a death yak
  2467 | D        | Killed a death yak
  2467 | D        | Killed a death yak
  2467 | D        | Offered knowledge of Lightning Bolt by Vehumet.
  2467 | D        | Noticed a death yak
  2468 | D        | Killed a death yak
  2469 | D        | Noticed a death yak
  2471 | D        | Killed a death yak
  2507 | D        | Noticed an azure jelly
  2507 | D        | Noticed an azure jelly
  2528 | D        | Noticed an anaconda
  2530 | D        | Killed an anaconda
  2531 | D        | Reached XP level 13. HP: 58/58 MP: 26/45
  2532 | D        | Reached skill level 27 in Spellcasting
  2591 | D        | Offered knowledge of Eringya's Noxious Bog by Vehumet.
  2695 | D        | Noticed a nagaraja
  2697 | D        | Killed a nagaraja
  2763 | D        | Found Ufuishrej's Antique Weapon Boutique.
  2763 | D        | Found Ojazihie's Distillery.
  2765 | D        | Found Sifaef's Jewellery Shop.
  2772 | D        | Bought a potion of experience for 700 gold pieces
  2788 | D        | Got a serpentine rune of Zot
  2819 | D        | Learned a level 6 spell: Eringya's Noxious Bog
  2939 | D        | Offered knowledge of Lehudib's Crystal Spear by Vehumet.
  2939 | D        | Offered knowledge of Fire Storm by Vehumet.
  2939 | D        | Offered knowledge of Shatter by Vehumet.
  3061 | D        | Reached skill level 1 in Poison Magic
  3142 | D        | Found Sadd's Gadget Emporium.
  3142 | D        | Found Hemyhare's Magic Scroll Shop.
  3142 | D        | Found Tucotsal's Antique Armour Shoppe.
  3142 | D        | Found Lyxziasue's Book Boutique.
  3142 | D        | Found Xuhugaoq's Distillery.
  3142 | D        | Found Yrghouc's Book Shoppe.
  3142 | D        | Found Obism's Antique Weapon Shop.
  3142 | D        | Found Zevioly's Jewellery Shop.
  3142 | D        | Found Wogousoc's Assorted Antiques.
  3142 | D        | Found Luntit's Antique Weapon Emporium.
  3142 | D        | Found Oniy's Jewellery Boutique.
  3182 | D        | Bought a runed helmet for 232 gold pieces
  3198 | D        | Bought a scroll of magic mapping for 49 gold pieces
  3203 | D        | Bought a scroll of identify for 36 gold pieces
  3467 | D        | Reached skill level 5 in Transmutations
  3467 | D        | Reached skill level 1 in Fire Magic
  3469 | D        | Noticed a fire dragon
  3478 | D        | Killed a fire dragon
  3519 | D        | Learned a level 8 spell: Lehudib's Crystal Spear
  3529 | D        | Learned a level 9 spell: Shatter
  3539 | D        | Learned a level 9 spell: Fire Storm
  3769 | D        | Noticed Chuck
  3781 | D        | Reached skill level 27 in Earth Magic
  3868 | D        | Noticed Frederick
  3871 | D        | Killed Frederick
  3871 | D        | Killed Chuck
  3872 | D        | Reached XP level 14. HP: 50/63 MP: 21/47
  3919 | D        | Noticed a shadow dragon
  4194 | D        | Reached skill level 10 in Transmutations
  4194 | D        | Reached skill level 5 in Evocations
  4196 | D        | Killed a shadow dragon
  4205 | D        | Noticed a shadow dragon
  4209 | D        | Killed a shadow dragon
  4210 | D        | Reached skill level 5 in Fire Magic
  4281 | D        | Noticed a lich
  4284 | D        | Killed a lich
  4285 | D        | Reached skill level 5 in Conjurations
  4307 | D        | Got a smoking eveningstar
  4328 | D        | Reached XP level 15. HP: 66/66 MP: 28/48
  4345 | D        | Noticed a shadow dragon
  4348 | D        | Killed a shadow dragon
  4377 | D        | Noticed a golden dragon
  4631 | D        | Noticed a shadow dragon
  4631 | D        | Noticed a shadow dragon
  4636 | D        | Killed a shadow dragon
  4637 | D        | Reached skill level 10 in Dodging
  4641 | D        | Noticed Azrael
  4757 | D        | Killed a shadow dragon
  4758 | D        | Reached skill level 10 in Conjurations
  4758 | D        | Killed from afar by Azrael

Illustrated notes

Levels and vault maps discovered:
D:        dungeon_sprint_mu [sprint_mu_entry_forest, sprint_mu_temple_rooms,
          sprint_mu_d1_horrors, sprint_mu_d2_genie, sprint_mu_d3_branching,
          sprint_mu_orc_legion, sprint_mu_elf_gauntlet, sprint_mu_hive_nellie,
          sprint_mu_lair_fedhas, sprint_mu_vaults_butterflies,
          sprint_mu_slime_circle, sprint_mu_swamp_cave, sprint_mu_snake_twists,
          sprint_mu_blade_basic, sprint_mu_crypt_lich, sprint_mu_tomb_spiral,
          sprint_mu_vestibule_basic, sprint_mu_gehenna_hellfire,
          sprint_mu_dis_giant, sprint_mu_tartarus_statrot,
          sprint_mu_cocytus_islands, sprint_mu_zot1]

Skill      XL: |  1  2  3  4  5  6  7  8  9 10 11 12 13 14 15 |
---------------+----------------------------------------------+-----
Dodging        | 3 4 5 6 7 9 10 | 10.8
Earth Magic    | 4 6 7 8 12 13 15 17 19 21 23 27 | 27.0
Spellcasting   | 4 6 7 11 14 15 18 21 24 26 27 | 27.0
Stealth        | 3 4 5 |  5.7
Transmutations | 2 3 9 11 12 | 12.8
Fighting       | 1 |  1.3
Conjurations   | 1 3 6 10 | 10.2
Evocations     | 1 2 4 7 8 |  8.5
Poison Magic   | 6 8 |  8.9
Fire Magic     | 4 5 6 |  6.7

Action                   |  1- 3 |  4- 6 |  7- 9 | 10-12 | 13-15 || total
-------------------------+-------+-------+-------+-------+-------++-------
Melee: Long sword        |       |       |     3 |       |       ||     3
       Scimitar          |       |       |       |     3 |       ||     3
       Staff             |       |       |       |       |     7 ||     7
 Cast: Sandblast         |    15 |     4 |       |     5 |       ||    24
       Stone Arrow       |     1 |       |    11 |       |       ||    12
       Lee's Rapid Decon |       |     2 |    23 |    71 |    56 ||   152
       Petrify           |       |       |     2 |     3 |     3 ||     8
       Shatter           |       |       |       |       |    12 ||    12
       Ignite Poison     |       |       |       |       |     2 ||     2
       Eringya's Noxious |       |       |       |       |     2 ||     2
       Lehudib's Crystal |       |       |       |       |    15 ||    15
 Abil: Blink             |     1 |       |       |     5 |     3 ||     9
Evoke: Condenser vane    |       |       |       |     3 |     3 ||     6
  Use: Potion            |     2 |       |       |     3 |     5 ||    10
       Scroll            |       |       |       |       |     6 ||     6
 Stab: Petrified         |       |       |     2 |       |       ||     2
Armor: Robe              |       |       |     1 |     1 |     5 ||     7
Dodge: Dodged            |     2 |       |     1 |    24 |    15 ||    42
       Rpst.: Scimitar   |       |       |     1 |     6 |       ||     7

Table legend: (Time is in decaauts)
 A = Elapsed time spent in this place.
 B = Non-inter-level travel time spent in this place.
 C = Inter-level travel time spent in this place.
 D = Time resting spent in this place.
 E = Time spent auto-exploring this place.
 F = Levels seen in this place.
 G = Mean time per level.
                   A        B        C        D        E       F      G
               +--------+--------+--------+--------+--------+-----+--------+
         Total |   4785 |   4785 |      0 |   3055 |      1 |   1 | 4785.0 |
       Dungeon |   4785 |   4785 |      0 |   3055 |      1 |   1 | 4785.0 |
               +--------+--------+--------+--------+--------+-----+--------+

Top non-repeatable levels by time:
       D: 4785 daAuts
